 Dungeon Crawl Stone Soup version 0.31-a0-859-g9dce7d3444 (webtiles) character file.

Game seed: 3528586531143264528

255712 DocEon the Unseen (level 19, -14/98 HPs)
             Began as a Vine Stalker Enchanter on Oct 9, 2023.
             Was an Initiate of Gozag.
             Demolished by a +1 bardiche of freezing (28 damage)
             ... on level 2 of the Elven Halls.
             The game lasted 01:46:23 (42193 turns).

DocEon the Unseen (Vine Stalker Enchanter)         Turns: 42193, Time: 01:46:24

Health: -14/98     AC: 13    Str: 16    XL:     19   Next: 79%
Magic:  0/37       EV: 16    Int: 19    God:    Gozag
Gold:   337        SH: 19    Dex: 21    Spells: 4/44 levels left

rFire   + + +        a - +1 rapier (elec)
rCold   + + +        X - +5 Storm Queen's Shield {shock, Fly rElec}
rNeg    + . .        y - +2 robe {rN+}
rPois   +            V - +2 hood of the Assassin {Detect Stab+ Stlth++}
rElec   +            z - +0 cloak
rCorr   +            E - +1 pair of gloves
SInv    +            Y - +3 pair of mountain boots {steadfast, rC+}
Will    ++++.        x - amulet "Ysmafurch" {RegenMP rElec rC+ Will+}
Stlth   ++++++++++   r - ring "Ytoycw" {rPois rF+ Dex+3 SInv}
HPRegen 1.16/turn    G - ring of Goenulureah {rElec rF+ Will+ Str+4}
MPRegen 0.65/turn

%: guardian spirit
@: resistant, flying, hasted, very quick
A: fangs 3, regeneration 1, magic shield, antimagic bite, no potion heal 2
}: 2/15 runes: decaying, serpentine
a: Renounce Religion, Potion Petition, Call Merchant, Bribe Branch


You were on level 2 of the Elven Halls.
You worshipped Gozag.
Gozag was aware of your devotion.
You visited 6 branches of the dungeon, and saw 33 of its levels.
You also visited: Bailey, Gauntlet and Volcano.

You collected 14621 gold pieces.
You spent 5768 gold pieces at shops.
You paid 8516 gold pieces to Gozag.

Inventory:

Hand Weapons
 a - a +1 rapier of electrocution (weapon)
 b - a +3 dagger of draining
 Q - a +4 dagger of venom
Missiles
 N - 11 curare-tipped darts
Armour
 y - a +2 robe of positive energy (worn)
 z - a +0 cloak (worn)
 E - a +1 pair of gloves (worn)
 V - the +2 hood of the Assassin (worn) {Detect Stab+ Stlth++}
   (You bought it in a shop on level 2 of the Snake Pit)

   Detect:    It allows the wearer to sense nearby creatures.
   Stab+:     It allows the wearer to make particularly effective stabbing
   attacks against helpless or unaware enemies with any weapon.
   Stlth++:   It makes you much more stealthy.
 X - the +5 Storm Queen's Shield (worn) {shock, Fly rElec}
   (You bought it in a shop on level 1 of the Orcish Mines)

   Shock:     When it blocks an attack, it may electrocute the attacker.
   This works even against foes who are a short distance away.
   rElec:     It insulates you from electricity.
   Fly:       It grants you flight.
 Y - the +3 pair of mountain boots (worn) {steadfast, rC+}
   (You bought it in a shop on level 13 of the Dungeon)

   Steadfast: It prevents involuntary movement, except for blinking,
   teleportation, or banishment.
   rC+:       It protects you from cold.
Jewellery
 i - a ring of wizardry
 n - a +6 ring of dexterity
 p - the ring of Hedu {rF+ MP+9 Int+2}
   (You found it in a Gauntlet)

   [ring of magical power]

   Int+2:     It affects your intelligence (+2).
   rF+:       It protects you from fire.
   MP+9:      It affects your magic capacity (+9).
 r - the ring "Ytoycw" (left hand) {rPois rF+ Dex+3 SInv}
   (You bought it in a shop on level 1 of the Dungeon)

   [ring of see invisible]

   Dex+3:     It affects your dexterity (+3).
   rF+:       It protects you from fire.
   rPois:     It protects you from poison SInv: It lets you see invisible.
 x - the amulet "Ysmafurch" (around neck) {RegenMP rElec rC+ Will+}
   (You found it in a Gauntlet)

   [amulet of magic regeneration]

   RegenMP:   It increases your rate of magic regeneration.
   rC+:       It protects you from cold.
   rElec:     It insulates you from electricity.
   Will+:     It increases your willpower.
 G - the ring of Goenulureah (right hand) {rElec rF+ Will+ Str+4}
   (You bought it in a shop on level 1 of the Dungeon)

   [ring of protection from fire]

   Str+4:     It affects your strength (+4).
   rF+:       It protects you from fire.
   rElec:     It insulates you from electricity.
   Will+:     It increases your willpower.
 K - a ring of fire
 P - the ring of Buklarum {rN+ Will+ Int+6}
   (You bought it in a shop on level 4 of the Snake Pit)

   [ring of intelligence]

   Int+6:     It affects your intelligence (+6).
   rN+:       It protects you from negative energy.
   Will+:     It increases your willpower.
Wands
 l - a wand of roots (41)
 o - a wand of mindburst (21)
 t - a wand of acid (5)
 w - a wand of charming (5)
 F - a wand of digging (4)
 I - a wand of flame (51)
Scrolls
 e - 8 scrolls of teleportation
 k - a scroll of enchant weapon
 m - 2 scrolls of enchant armour
 v - 2 scrolls of silence
 D - 4 scrolls of amnesia
 J - a scroll of blinking
 L - a scroll of vulnerability
 M - 20 scrolls of identify
 O - 5 scrolls of fog
 R - a scroll of brand weapon
 U - a scroll of fear
 W - 3 scrolls of revelation
Potions
 c - 2 potions of invisibility
 d - 17 potions of curing
 f - 7 potions of mutation
 g - 8 potions of magic
 h - 6 potions of attraction
 j - 6 potions of brilliance
 q - 6 potions of lignification
 s - 15 potions of ambrosia
 u - a potion of might
 A - 10 potions of haste
 B - 3 potions of cancellation
 C - 3 potions of resistance
 H - 6 potions of enlightenment
 Z - a potion of berserk rage


   Skills:
 - Level 9.9 Fighting
 + Level 13.2 Short Blades
 + Level 7.9 Dodging
 + Level 20.5 Stealth
 * Level 12.3 Shields
 + Level 13.1 Spellcasting
 * Level 17.0 Hexes
 - Level 5.0 Translocations


You had 4 spell levels left.
You knew the following spells:

 Your Spells              Type           Power      Damage    Failure   Level
a - Ensorcelled Hibernat  Hex/Ice        88%        N/A       1%          2
b - Confusing Touch       Hex            67%        N/A       1%          3
c - Tukima's Dance        Hex            67%        N/A       1%          3
d - Dazzling Flash        Conj/Hex       88%        N/A       1%          3
e - Blink                 Tloc           62%        N/A       1%          2
f - Cause Fear            Hex            33%        N/A       1%          4
g - Inner Flame           Hex/Fire       44%        N/A       1%          3
h - Silence               Hex/Air        22%        N/A       9%          5
i - Enfeeble              Hex            33%        N/A       9%          7
j - Discord               Hex            33%        N/A       54%         8

Your spell library contained the following spells:

 Spells                   Type           Power      Damage    Failure   Level
 Lesser Beckoning         Tloc           62%        N/A       1%          2
 Dimensional Bullseye     Hex/Tloc       26%        N/A       1%          4
 Fulminant Prism          Conj/Hex       22%        3d12      3%          4
 Momentum Strike          Conj/Tloc      44%        3d9       5%          2
 Kiss of Death            Conj/Necr      48%        2d9       11%         1
 Magic Dart               Conj           48%        1d5       11%         1
 Shock                    Conj/Air       48%        1d6       11%         1
 Manifold Assault         Tloc           31%        N/A       13%         4
 Passage of Golubria      Tloc           31%        N/A       13%         4
 Cigotuvi's Dreadful Rot  Necr/Pois/Air  24%        N/A       16%         2
 Passwall                 Tmut/Erth      10%        N/A       16%         2
 Searing Ray              Conj           24%        2d5       16%         2
 Static Discharge         Conj/Air       24%        2-3/arc   16%         2
 Hailstorm                Conj/Ice       12%        3d5       30%         3
 Swiftness                Air            12%        N/A       30%         3
 Iskenderun's Mystic Bla  Conj/Tloc      22%        2d6       36%         4
 Vhi's Electric Charge    Tloc/Air       44%        N/A       36%         4
 Airstrike                Air            6%         2d(1-17)  71%         4
 Dispel Undead            Necr           12%        3d9       71%         4
 Flame Wave               Conj/Fire      12%        2d6       71%         4
 Sticky Flame             Conj/Fire      12%        2d4       71%         4
 Summon Ice Beast         Ice/Summ       12%        N/A       71%         4
 Summon Lightning Spire   Summ/Air       12%        N/A       71%         4
 Summon Mana Viper        Hex/Summ       44%        N/A       9%          5
 Yara's Violent Unravell  Hex/Tmut       22%        3d10      9%          5
 Dispersal                Tloc           15%        N/A       90%         6
 Agony                    Necr           12%        N/A       96%         5
 Arcjolt                  Conj/Air       6%         1d16      96%         5
 Fireball                 Conj/Fire      6%         3d5       96%         5
 Conjure Ball Lightning   Conj/Air       6%         3x3d6     100%        6
 Death Channel            Necr           6%         N/A       100%        6
 Monstrous Menagerie      Summ           6%         N/A       100%        7
 Disjunction              Tloc           15%        N/A       100%        8
 Maxwell's Capacitive Co  Air            6%         ∞         100%        8
 Dragon's Call            Summ           6%         N/A       100%        9
 Simulacrum               Ice/Necr       Unusable   N/A       N/A         6

Dungeon Overview and Level Annotations

Branches:
Dungeon (15/15)            Temple (0/1) D:6            Lair (5/5) D:10
  Swamp (4/4) Lair:2        Snake (4/4) Lair:3        Slime (0/5) Lair:5
    Orc (2/2) D:9             Elf (3/3) Orc:2        Vaults (0/5) D:14
 Depths (0/4) D:15         Bailey (visited)         Volcano (visited)
Gauntlet (visited)

Altars:
Ashenzari
Cheibriados
Elyvilon
Fedhas
Gozag
Hepliaklqana
Makhleb
Okawaru
Qazlal
Ru
Trog
Xom
Zin
The Shining One

Shops:
D:1 =   D:3 (   D:8 [   D:12 (   D:13 [   D:14 [   Orc:1 :*   Orc:2 [*[:(
Elf:1 (*   Snake:2 [   Snake:3 :   Snake:4 *

Annotations:
Lair:5 exclusion: oklob plant
Swamp:4 Bai Suzhen


Innate Abilities, Weirdness & Mutations

You have razor-sharp teeth.
Your natural rate of healing is unusually fast.
When hurt, damage is shared between your health and your magic reserves.
Your bite disrupts and absorbs the magic of your enemies.
Potions cannot restore your health.


Message History

You hit the +1 bardiche of freezing but do no damage.
You bite the +1 bardiche of freezing, but do no damage.
The +1 bardiche of freezing is severely damaged.
The +1 bardiche of freezing hits you!!
* * * LOW HITPOINT WARNING * * *
You hit the +1 bardiche of freezing but do no damage.
You bite the +1 bardiche of freezing, but do no damage.
The +1 bardiche of freezing is severely damaged.
You hit the +1 bardiche of freezing.
Your bite misses the +1 bardiche of freezing.
The +1 bardiche of freezing is almost destroyed.
You miss the +1 bardiche of freezing.
The +1 bardiche of freezing is almost destroyed.
You block the +1 bardiche of freezing's attack.
You hit the +1 bardiche of freezing but do no damage.
You bite the +1 bardiche of freezing, but do no damage.
The +1 bardiche of freezing is almost destroyed.
You hit the +1 bardiche of freezing but do no damage.
Your bite misses the +1 bardiche of freezing.
The +1 bardiche of freezing is almost destroyed.
You block the +1 bardiche of freezing's attack.
You closely miss the +1 bardiche of freezing.
You bite the +1 bardiche of freezing. You drain its power.
You feel invigorated.
The +1 bardiche of freezing is almost destroyed.
You hit the +1 bardiche of freezing but do no damage.
Your bite misses the +1 bardiche of freezing.
The +1 bardiche of freezing is almost destroyed.
The +1 bardiche of freezing hits you!!
* * * LOW HITPOINT WARNING * * *
The +1 bardiche of freezing freezes you.
You hit the +1 bardiche of freezing but do no damage.
Your bite misses the +1 bardiche of freezing.
The +1 bardiche of freezing is almost destroyed.
You hit the +1 bardiche of freezing but do no damage.
Your bite misses the +1 bardiche of freezing.
The +1 bardiche of freezing is almost destroyed.
The +1 bardiche of freezing hits you!!!
You die...
Your body crumbles into a pile of gold.

....#...##.....)..........#
...#....#######)###..#..#.#
..#.....##...#..).##....#.#
#.......'$..#....)#.#..#.#
#.......'...'.)...#....).#
###.......'...#.....#.#...##
#...#.....##...#$...##.....#
#.....#....#######'###..#.#.#
.......#...##...@(.....)....#
........#..##.#.#.#.#.#.#..##
.........#.##..............#
..........################.#
..........## #.# .........#.#
#.# ........#..# #.#
.......#...# #.# #.....#....#
#.#


You could see a +1 bardiche of freezing.

Vanquished Creatures
  Nikola (Swamp:2)
  Kirke (D:14)
  Agnes (Snake:1)
  5 nagarajas (Snake:4)
  Aizul (Snake:1)
  A fire giant (D:15)
  A fenstrider witch (Swamp:4)
  An orc warlord (Orc:1)
  An eleionoma (Swamp:1)
  2 deep elf annihilators (Elf:2)
  A minotaur (Gauntlet)
  5 bunyips
  A dire elephant (Gauntlet)
  Josephine (D:12)
  An ettin (Orc:1)
  A deep elf high priest (Elf:1)
  14 hydras
  3 ice dragons (Swamp:4)
  5 catoblepae
  Erolcha (D:10)
  2 vault guards (D:14)
  A ghost crab (Swamp:4)
  2 centaur warriors (D:13)
  8 alligators
  16 dancing weapons
  4 two-headed ogres
  4 boulder beetles
  12 anacondas
  21 naga warriors
  A tengu warrior (D:14)
  10 death yaks (Lair:5)
  3 orc high priests
  17 naga sharpshooters
  3 shock serpents
  Urug (Lair:1)
  14 deep elf knights
  A skyshark (Lair:2)
  7 skeletal warriors
  5 salamander mystics
  5 goliath frogs
  A bog body (Swamp:3)
  6 swamp dragons
  5 wizards
  3 spriggan druids
  Pikel (D:5)
  2 naga ritualists
  11 deep elf archers
  A necromancer (D:14)
  3 orc knights (Orc:2)
  22 ugly things
  A shining eye (Gauntlet)
  26 deep elf zephyrmancers
  A mana viper (Snake:1)
  7 manticores
  4 salamanders
  16 deep elf pyromancers
  8 orc sorcerers
  3 will-o-the-wisps (Swamp:4)
  The ghost of osoart the Mimic, a novice FeSh of Wu Jian (D:9)
  4 cyclopes
  A black mamba (shapeshifter) (D:12)
  Maurice (Orc:1)
  19 elephants
  4 toenail golems (Volcano)
  34 black mambas
  10 naga magi
  6 guardian serpents
  13 cane toads
  3 torpor snails
  2 rime drakes (shapeshifter) (D:15)
  3 yaktaurs (D:12)
  2 rime drakes
  4 freezing wraiths (Swamp:4)
  3 tengu conjurers
  An ice devil (Gauntlet)
  2 efreet
  8 komodo dragons
  A polar bear (Lair:1)
  2 meliai (shapeshifter)
  A queen bee (D:10)
  A bloated husk (Swamp:1)
  A troll (D:13)
  9 tyrant leeches
  6 hornets
  20 blink frogs
  A slime creature (shapeshifter) (D:14)
  4 dream sheep (Lair:4)
  4 air elementals
  A shadow (D:11)
  14 spriggans
  3 water elementals
  4 wyverns
  27 slime creatures
  6 wraiths (D:12)
  54 yaks
  21 humans (D:14)
  A basilisk (shapeshifter) (Elf:2)
  3 fire elementals
  Menkaure (D:7)
  5 swamp worm simulacra (Swamp:4)
  7 vampire mosquitoes
  9 basilisks
  4 steam dragons
  A warg (Orc:1)
  45 nagas
  13 swamp worms
  2 acid dragons
  15 hydra simulacra (Swamp:4)
  25 water moccasins
  A floating eye (Gauntlet)
  2 swamp drakes (Swamp:1)
  22 orc warriors
  A sky beast (D:8)
  3 ice beasts (D:8)
  3 black bears
  An orc zombie (D:11)
  11 ogres
  16 wolves
  9 centaurs
  3 lemures (D:5)
  4 kobold brigands
  Blork the orc (D:4)
  12 bullfrogs
  A gnoll sergeant (D:12)
  3 earth elementals
  3 scorpions
  3 wights (D:6)
  24 killer bees (D:10)
  5 electric eels
  3 howler monkeys (D:7)
  A vampire bat (Orc:1)
  Crazy Yiuf (D:7)
  A gnoll bouda (D:7)
  5 hounds
  7 jellies
  30 orc priests
  Ijyb (D:4)
  26 orc wizards
  3 iguanas
  5 adders
  22 gnolls
  4 white imps
  3 swamp drake simulacra (Swamp:4)
  2 worms
  4 dart slugs
  78 orcs
  8 ball pythons
  19 bats
  6 endoplasms
  13 goblins
  15 hobgoblins
  4 jackals (D:2)
  26 kobolds
  A quokka (D:4)
  3 frilled lizards
  5 rats
1162 creatures vanquished.

Vanquished Creatures (collateral kills)
  A jelly (D:5)
  An orc (D:8)
2 creatures vanquished.

Vanquished Creatures (others)
  A deep elf sorcerer (Elf:2)
  3 deep elf knights
  A deep elf pyromancer (Elf:1)
  2 deep elf zephyrmancers
  2 bloated husks (Swamp:2)
  7 humans (D:14)
  2 vampire mosquitoes (Swamp:2)
  5 dancing weapons
  A swamp worm (Swamp:4)
  An acid dragon (D:12)
  2 orc priests
  3 orcs
  8 foxfires (Swamp:4)
38 creatures vanquished.

Grand Total: 1202 creatures vanquished

Notes
Turn   | Place    | Note
-------+----------+-------------------------------------------
     0 | D:1      | DocEon the Vine Stalker Enchanter began the quest for the
                  | Orb.
     0 | D:1      | Reached XP level 1. HP: 9/9 MP: 4/4
   110 | D:1      | Found Ficw's One-of-a-Kind Rings.
   191 | D:1      | Reached skill level 4 in Stealth
   191 | D:1      | Reached XP level 2. HP: 13/13 MP: 4/6
   358 | D:1      | Reached XP level 3. HP: 16/16 MP: 7/7
   361 | D:1      | Learned a level 2 spell: Ensorcelled Hibernation
   365 | D:1      | Learned a level 3 spell: Confusing Touch
   534 | D:1      | Found a faded altar of an unknown god.
   715 | D:2      | Found an opulent altar of Gozag.
   773 | D:2      | Became a worshipper of Gozag Ym Sagoz the Greedy
  1004 | D:2      | Reached skill level 5 in Stealth
  1110 | D:2      | Reached XP level 4. HP: 21/21 MP: 9/9
  1525 | D:2      | Learned a level 3 spell: Tukima's Dance
  1813 | D:3      | Reached skill level 1 in Short Blades
  1813 | D:3      | Reached XP level 5. HP: 18/24 MP: 2/10
  2102 | D:3      | Reached skill level 6 in Stealth
  2102 | D:3      | Reached XP level 6. HP: 28/28 MP: 9/12
  2478 | D:3      | Found Pizxuiceo's Antique Weapon Shoppe.
  2610 | D:3      | Found a glowing golden altar of the Shining One.
  2610 | D:3      | Found a white marble altar of Elyvilon.
  2610 | D:3      | Found a glowing silver altar of Zin.
  3278 | D:4      | Noticed Ijyb
  3283 | D:4      | Killed Ijyb
  3284 | D:4      | Reached skill level 7 in Stealth
  3393 | D:4      | Reached XP level 7. HP: 32/32 MP: 13/13
  3448 | D:4      | Noticed Blork the orc
  3466 | D:4      | Killed Blork the orc
  3653 | D:4      | Reached skill level 8 in Stealth
  4724 | D:1      | Bought the ring "Ytoycw" {rPois rF+ Dex+3 SInv} for 513
                  | gold pieces
  4795 | D:5      | Entered Level 5 of the Dungeon
  4819 | D:5      | Reached skill level 5 in Hexes
  4819 | D:5      | Gained mutation: You have razor-sharp teeth. [Vine Stalker
                  | growth]
  4819 | D:5      | Reached XP level 8. HP: 36/36 MP: 12/15
  4946 | D:5      | Noticed Pikel
  5131 | D:5      | Reached skill level 9 in Stealth
  5213 | D:5      | Killed Pikel
  5214 | D:5      | Reached skill level 10 in Stealth
  5214 | D:5      | Reached skill level 5 in Spellcasting
  5214 | D:5      | Reached XP level 9. HP: 20/39 MP: 7/18
  5684 | D:6      | Found a staircase to the Ecumenical Temple.
  5727 | D:6      | Found a broken altar of Ashenzari.
  5755 | D:6      | Reached skill level 11 in Stealth
  6287 | D:6      | Found a blossoming altar of Fedhas.
  6447 | D:6      | Found a stormy altar of Qazlal.
  6780 | D:7      | Noticed Menkaure
  6787 | D:7      | Killed Menkaure
  6788 | D:7      | Reached skill level 5 in Short Blades
  6807 | D:7      | Learned a level 3 spell: Dazzling Flash
  6844 | D:7      | Found a flagged portal.
  6885 | D:7      | Reached skill level 12 in Stealth
  6885 | D:7      | Reached XP level 10. HP: 27/44 MP: 7/20
  6999 | Bailey   | Entered a bailey
  8025 | D:7      | Reached skill level 1 in Fighting
  8261 | D:1      | Bought the ring of Goenulureah {rElec rF+ Will+ Str+4} for
                  | 689 gold pieces
  8390 | D:7      | Learned a level 2 spell: Blink
  8421 | D:7      | Found a runed translucent door.
  8422 | D:7      | Noticed Crazy Yiuf
  8744 | D:7      | Killed Crazy Yiuf
  9075 | D:8      | Reached skill level 13 in Stealth
  9075 | D:8      | Reached XP level 11. HP: 54/54 MP: 21/21
  9144 | D:8      | Found a stormy altar of Qazlal.
  9146 | D:8      | Found a white marble altar of Elyvilon.
  9146 | D:8      | Found a white marble altar of Elyvilon.
  9172 | D:8      | Found a burning altar of Makhleb.
  9172 | D:8      | Found a shimmering altar of Xom.
  9172 | D:8      | Found a glowing golden altar of the Shining One.
  9200 | D:8      | Found Okhusaeh's Antique Armour Shop.
  9208 | D:8      | Bought a transparent orb for 238 gold pieces
  9208 | D:8      | Identified the orb of Noon {mayhem, *Slow rN++} (You bought
                  | it in a shop on level 8 of the Dungeon)
  9723 | D:9      | Found a staircase to the Orcish Mines.
  9885 | D:9      | Found a runed translucent gate.
  9885 | D:9      | Found a runed translucent gate.
  9885 | D:9      | Found a runed translucent gate.
  9887 | D:9      | Found an opulent altar of Gozag.
  9891 | D:9      | Noticed osoart's ghost (novice FeSh)
  9957 | D:9      | Noticed a two-headed ogre
 10045 | D:9      | Killed a two-headed ogre
 10430 | D:9      | Reached skill level 5 in Fighting
 10430 | D:9      | Reached skill level 14 in Stealth
 10574 | D:9      | Killed osoart's ghost
 10653 | D:9      | Reached skill level 10 in Short Blades
 10653 | D:9      | Reached skill level 15 in Stealth
 10653 | D:9      | Reached XP level 12. HP: 60/60 MP: 21/24
 10709 | D:10     | Entered Level 10 of the Dungeon
 10717 | D:10     | Found a hazy altar of Hepliaklqana.
 10852 | D:10     | Found a staircase to the Lair.
 10927 | D:10     | Noticed a two-headed ogre
 10966 | D:10     | Killed a two-headed ogre
 10967 | D:10     | Reached XP level 13. HP: 51/65 MP: 18/25
 11203 | D:10     | Found a snail-covered altar of Cheibriados.
 11203 | D:10     | Found a sacrificial altar of Ru.
 11322 | D:10     | Noticed Erolcha
 11340 | D:10     | Killed Erolcha
 11341 | D:10     | Reached skill level 10 in Hexes
 12007 | D:11     | Found a transporter.
 12248 | D:11     | Found a transporter.
 12330 | D:11     | HP: 1/66 [very large slime creature (33)]
 12864 | D:11     | Learned a level 4 spell: Cause Fear
 13321 | D:12     | You fall into a shaft and drop 1 floor!
 13536 | D:12     | Noticed Josephine
 13579 | D:12     | Killed Josephine
 14155 | D:12     | Reached skill level 1 in Shields
 14159 | D:12     | Reached skill level 16 in Stealth
 15265 | Lair:1   | Entered Level 1 of the Lair of Beasts
 15537 | Lair:1   | Noticed Urug
 15545 | Lair:1   | HP: 1/67 [Urug/+3 great mace of holy wrath (31)]
 15702 | Lair:1   | Killed Urug
 15703 | Lair:1   | Reached XP level 14. HP: 72/72 MP: 12/26
 17795 | Lair:2   | Reached skill level 5 in Shields
 17805 | Lair:2   | Found a staircase to the Swamp.
 18079 | Lair:3   | Found a staircase to the Snake Pit.
 18176 | Lair:2   | Learned a level 3 spell: Inner Flame
 18731 | Lair:3   | Reached skill level 17 in Stealth
 18784 | Lair:3   | Learned a level 5 spell: Silence
 19090 | Lair:3   | Reached XP level 15. HP: 78/78 MP: 29/29
 19716 | Lair:4   | Identified the +0 shortbow "Wimopsops" {drain, rElec rPois}
 20472 | Lair:5   | Entered Level 5 of the Lair of Beasts
 20608 | Lair:5   | Found a gate leading to a gauntlet.
 20616 | Gauntlet | Entered a Gauntlet
 20616 | Gauntlet | Found a transporter.
 20650 | Gauntlet | Found a transporter.
 20665 | Gauntlet | Found a transporter.
 20670 | Gauntlet | Found a transporter.
 20692 | Gauntlet | Found a transporter.
 20706 | Gauntlet | Found a transporter.
 20718 | Gauntlet | Found a transporter.
 20730 | Gauntlet | Found a transporter.
 20736 | Gauntlet | Found a transporter.
 20736 | Gauntlet | Found a transporter.
 20751 | Gauntlet | Found a transporter.
 20757 | Gauntlet | Found a transporter.
 20772 | Gauntlet | Found a transporter.
 20789 | Gauntlet | Found a transporter.
 20828 | Gauntlet | Found a transporter.
 20854 | Gauntlet | Found a transporter.
 20856 | Gauntlet | Found a transporter.
 20876 | Gauntlet | Found a transporter.
 21140 | Gauntlet | Identified the ring of Hedu {rF+ MP+9 Int+2}
 21250 | Gauntlet | Identified the amulet "Ysmafurch" {RegenMP rElec rC+ Will+}
 21289 | Gauntlet | Identified the +9 morningstar "Wubay" {flame, rPois rCorr
                  | Int-4 SInv}
 21289 | Gauntlet | Identified the +2 tower shield of the Cobbler {Harm rC+
                  | Dex-5}
 21556 | Lair:5   | Found a staircase to the Slime Pits.
 21566 | Lair:5   | Reached skill level 10 in Spellcasting
 21658 | Lair:5   | Reached skill level 18 in Stealth
 22489 | Lair:5   | Identified the staff "Doucs" {rPois Int+3 Poison}
 22951 | Orc:1    | Entered Level 1 of the Orcish Mines
 22951 | Orc:1    | Found a dark tunnel.
 23010 | Volcano  | Entered a volcano
 23075 | Volcano  | Reached XP level 16. HP: 85/85 MP: 31/31
 23594 | Orc:1    | Found Seenihul's Book Shop.
 23670 | Orc:1    | Bought a book of Chaos for 550 gold pieces
 23678 | Orc:1    | Learned a level 7 spell: Enfeeble
 23802 | Orc:2    | Entered Level 2 of the Orcish Mines
 23804 | Orc:2    | Found an iron altar of Okawaru.
 23859 | Orc:2    | Found a staircase to the Elven Halls.
 23911 | Orc:2    | HP: 3/85 [sixfirhy[an orc high priest] (2)]
 23957 | Orc:1    | Bought the +5 Storm Queen's Shield {shock, Fly rElec} for
                  | 1687 gold pieces
 23957 | Orc:1    | Found the +5 Storm Queen's Shield {shock, Fly rElec}
 24125 | Orc:1    | Reached skill level 1 in Translocations
 25019 | Orc:2    | Found Ocaum's General Store.
 25020 | Orc:2    | Found Girphef's Book Shoppe.
 25022 | Orc:2    | Found Fuamp's Antique Armour Shoppe.
 25022 | Orc:2    | Found Vyalenue's Antique Weapon Emporium.
 25155 | Orc:2    | Found Zimetoo's Armour Shoppe.
 25311 | Orc:1    | Noticed Maurice
 25320 | Orc:1    | Killed Maurice
 25426 | Orc:1    | Found a bloodstained altar of Trog.
 26834 | D:13     | Bought the +3 pair of mountain boots {steadfast, rC+} for
                  | 536 gold pieces
 26834 | D:13     | Found the +3 pair of mountain boots {steadfast, rC+}
 26863 | D:14     | Noticed Kirke
 26865 | D:14     | Noticed a sphinx
 26883 | D:14     | Killed Kirke
 27100 | D:14     | Found Wiracid's Antique Armour Shoppe.
 27432 | D:14     | Found a gate to the Vaults.
 28195 | D:14     | Found a stormy altar of Qazlal.
 28265 | D:15     | Entered Level 15 of the Dungeon
 28379 | D:15     | Reached skill level 5 in Translocations
 28435 | D:15     | Found a staircase to the Depths.
 28622 | D:15     | Reached XP level 17. HP: 87/88 MP: 30/33
 29365 | Snake:1  | Entered Level 1 of the Snake Pit
 29681 | Snake:1  | Reached skill level 5 in Dodging
 30198 | Snake:1  | Noticed Aizul
 30215 | Snake:1  | Killed Aizul
 30543 | Snake:1  | Noticed Agnes
 30548 | Snake:1  | Killed Agnes
 30549 | Snake:1  | Reached skill level 19 in Stealth
 31615 | D:14     | Bought a glowing helmet for 217 gold pieces
 31986 | D:13     | Bought a +1 helmet of intelligence for 264 gold pieces
 32271 | Snake:2  | Identified a scroll of acquirement
 32271 | Snake:2  | Acquired 945 gold pieces
 32295 | Snake:2  | Bought the +2 hood of the Assassin {Detect Stab+ Stlth++}
                  | for 960 gold pieces
 32295 | Snake:2  | Found the +2 hood of the Assassin {Detect Stab+ Stlth++}
 33571 | Snake:3  | Found Juzaen's Book Shoppe.
 33575 | Snake:3  | Identified the +2 spear "Plog" {freeze, *Noise Will++ SInv}
 33753 | Snake:4  | Entered Level 4 of the Snake Pit
 34119 | Snake:4  | Reached skill level 15 in Hexes
 34360 | Snake:4  | Reached XP level 18. HP: 93/93 MP: 32/34
 34754 | Snake:4  | Reached skill level 10 in Shields
 35622 | Snake:4  | Got a serpentine rune of Zot
 35626 | Snake:4  | Bought a scintillating iron ring for 95 gold pieces
 35626 | Snake:4  | Identified the ring of Buklarum {rN+ Will+ Int+6} (You
                  | bought it in a shop on level 4 of the Snake Pit)
 35626 | Snake:4  | Bought a scroll labelled PACISAWNUL for 19 gold pieces
 35797 | Swamp:1  | Entered Level 1 of the Swamp
 36961 | Swamp:2  | Noticed Nikola
 36989 | Swamp:2  | Killed Nikola
 37544 | Swamp:3  | Reached skill level 20 in Stealth
 37883 | Swamp:4  | Entered Level 4 of the Swamp
 37954 | Swamp:4  | Learned a level 8 spell: Discord
 38243 | Swamp:4  | Noticed Bai Suzhen
 38703 | Swamp:4  | Reached XP level 19. HP: 98/98 MP: 36/36
 39357 | Swamp:4  | Got a decaying rune of Zot
 39637 | Elf:1    | Entered Level 1 of the Elven Halls
 39648 | Elf:1    | Paralysed by an air elemental for 1 turns
 39656 | Elf:1    | Paralysed by an air elemental for 1 turns
 39665 | Elf:1    | Paralysed by an air elemental for 1 turns
 40136 | Elf:1    | Paralysed by an air elemental for 1 turns
 40194 | Elf:1    | Found Sywnut's Weapon Emporium.
 41127 | Elf:3    | Entered Level 3 of the Elven Halls
 41518 | Elf:2    | Found a runed translucent gate.
 41518 | Elf:2    | Found a runed translucent gate.
 41518 | Elf:2    | Found a runed translucent gate.
 42193 | Elf:2    | Demolished by a +1 bardiche of freezing

Illustrated notes

Levels and vault maps discovered:
D:1:      dpeg_arrival_round_a, layout_rooms, basic_ecumenical_altar,
          nicolae_shop_unique_rings, minmay_tiny_reverse_x
D:2:      layout_rooms, basic_altar, hangedman_abyss_or_decor_lesser_grid
D:3:      layout_loops_ring, good_gods_mini_temple, serial_shops,
          nicolae_shop_behind_doors
D:4:      minmay_opposing_rooms, layout_layer_cave, uniq_ijyb,
          uniq_blork_the_orc
D:5:      layout_basic, uniq_pikel
D:6:      layout_loops_ring, mainiacjoe_overflow_surrounded_room,
          mainiacjoe_overflow_catwalk, fedhas_bush_and_centaur_altar,
          temple_green
D:7:      layout_loops_ring, enter_bailey_4, uniq_menkaure,
          uniq_crazy_yiuf_cottage
D:8:      hellmonk_ruined_rings, layout_loops_ring, doesnt_xom_only_xom,
          moated_statue, nicolae_stop_n_shop_2
D:9:      layout_rooms, orc_0_dummy, ebering_ghost_gozag
D:10:     layout_roguey [special_room_bee], nicolae_overflow_squiral,
          mainiacjoe_overflow_alcove_2, david_lair_shrubbed,
          nicolae_concentric_dashed_squares_mild,
          chequers_serial_rivers_micro_d, uniq_erolcha
D:11:     gammafunk_cloud_chamber, layout_basic
D:12:     layout_gridville, serial_bayou_lagoon_a, uniq_josephine
D:13:     layout_basic, serial_rivers, chequers_serial_rivers_room_b,
          chequers_serial_rivers_small_a, chequers_serial_rivers_large_a,
          chequers_serial_rivers_micro_c, chequers_serial_rivers_room_b,
          chequers_serial_rivers_micro_e, feat_on_display
D:14:     layout_basic, grunt_vaults_entry_tiered, serial_shops,
          nicolae_shop_waterfront, grunt_qazlal_clouds, uniq_kirke
D:15:     grunt_enter_depths_giant_problem, layout_irregular_city,
          hangedman_decor_clover_reticule
Lair:1:   kb_forest_paths, layout_chaotic_city, uniq_urug
Lair:2:   layout_cave_shapes, minmay_swamp_entry_worms, beast_lair_carwin_2,
          grunt_megastairs_3
Lair:3:   layout_big_grid, minmay_snake_entry_six_corridors, grunt_megastairs_4
Lair:4:   layout_concentric_octagons, grunt_megastairs_1,
          infiniplex_staircase_pool_2, serial_bayou_shore_b
Lair:5:   evilmike_catoblepas_cave, layout_cave_pods,
          minmay_slime_entry_pillars, gauntlet_entry_generic
Swamp:1:  layout_falls_marsh, serial_swamp_ruin, evilmike_swamp_ruin_house_2,
          hangedman_swamp_ruin_hall, evilmike_swamp_ruin_house_1, swamp_pool1
Swamp:2:  layout_basic_swamp, evilmike_swamp_ruin_house_3,
          nicolae_swamp_small_spring, uniq_nikola
Swamp:3:  layout_falls_marsh, evilmike_swamp_ruin_rubble_1
Swamp:4:  swamp_icy, layout_basic_swamp, swamp_pool2, uniq_bai_suzhen
Snake:1:  layout_cave_pods, uniq_agnes, uniq_aizul
Snake:2:  layout_layer_cave, corexii_hall_statues_s
Snake:3:  layout_basic, serial_shops, shop_statue, st_stairs_9, drop_trap,
          minmay_snake_pond
Snake:4:  grunt_snake_rune_serpentine_throne, layout_misc_corridors, drop_trap
Orc:1:    layout_diamond_mine, serial_shops, shop,
          nicolae_volcano_entry_lava_flow, lemuel_statue_altar, roderic_batcave,
          uniq_maurice
Orc:2:    st_orc_congregation, layout_diamond_mine, serial_shops, shop,
          okawaru_metal_pillars_3
Elf:1:    elf_arrival_001, layout_loops_ring, serial_shops, nicolae_shop_trees,
          minivault_28
Elf:2:    nicolae_elf_blades_splatter_lattice
          [nicolae_blade_entry_area_security], layout_geoelf_grid, uniq_louise
Elf:3:    elf_hall, layout_onion_city, serial_shops,
          nicolae_shop_overgrown_old_shop, nicolae_elf_deep_mausoleum

Skill      XL: |  1  2  3  4  5  6  7  8  9 10 11 12 13 14 15 16 17 18 19 |
---------------+----------------------------------------------------------+-----
Stealth        | 4 5 6 7 8 10 12 13 15 16 17 18 19 20 | 20.5
Spellcasting   | 3 4 5 6 7 9 10 11 12 13 | 13.1
Short Blades   | 1 2 3 4 5 8 10 11 12 13 | 13.2
Hexes          | 4 5 6 8 9 10 11 12 13 15 16 17 | 17.0
Fighting       | 4 5 6 7 8 9 |  9.9
Shields        | 2 5 7 9 11 12 | 12.3
Dodging        | 2 4 6 7 |  7.9
Translocations | 5 |  5.0

Action                     |  1- 3 |  4- 6 |  7- 9 | 10-12 | 13-15 | 16-18 | 19-21 || total
---------------------------+-------+-------+-------+-------+-------+-------+-------++-------
  Melee: Dagger            |    80 |   106 |   198 |   229 |   987 |  1408 |       ||  3008
         Bite              |    12 |    19 |    64 |    54 |   425 |   608 |   214 ||  1396
         Punch             |     1 |       |     3 |     5 |     6 |       |       ||    15
         Rapier            |       |       |       |       |    48 |    92 |   564 ||   704
   Cast: Ensorcelled Hiber |     8 |    35 |    50 |    42 |   291 |   251 |    27 ||   704
         Confusing Touch   |       |     2 |    14 |     7 |    41 |    33 |     5 ||   102
         Tukima's Dance    |       |       |     3 |     8 |    14 |    11 |       ||    36
         Dazzling Flash    |       |       |       |     8 |    75 |   195 |    37 ||   315
         Blink             |       |       |       |     2 |     9 |       |       ||    11
         Cause Fear        |       |       |       |       |    10 |     3 |     1 ||    14
         Inner Flame       |       |       |       |       |     1 |     1 |       ||     2
         Silence           |       |       |       |       |       |     1 |       ||     1
         Enfeeble          |       |       |       |       |       |       |     5 ||     5
 Invoke: Call Merchant     |       |       |       |       |     1 |     4 |     1 ||     6
         Potion Petition   |       |       |       |       |     1 |     1 |     1 ||     3
  Evoke: Wand              |       |       |       |    12 |     1 |     1 |     7 ||    21
    Use: Scroll            |     2 |    12 |     5 |    10 |     3 |     8 |     4 ||    44
         Potion            |       |     1 |       |     4 |     1 |     1 |       ||     7
   Stab: Sleeping          |     8 |    35 |    33 |    48 |   169 |   155 |    27 ||   475
         Distracted        |       |     2 |       |     3 |     4 |     9 |     8 ||    26
         Invisible         |       |     2 |       |     6 |    63 |   132 |    20 ||   223
         Confused          |       |       |    11 |     3 |    36 |    19 |     1 ||    70
         Petrified         |       |       |       |       |     2 |       |       ||     2
         Petrifying        |       |       |       |       |     2 |       |       ||     2
 Armour: Robe              |    52 |    66 |    78 |   142 |   516 |   685 |   322 ||  1861
  Dodge: Dodged            |    51 |    84 |   125 |   110 |   412 |   509 |   171 ||  1462
  Block: Buckler           |       |       |       |       |   165 |    23 |       ||   188
         Kite shield       |       |       |       |       |       |  1074 |   352 ||  1426

Table legend: (Time is in decaauts)
 A = Elapsed time spent in this place.
 B = Non-inter-level travel time spent in this place.
 C = Inter-level travel time spent in this place.
 D = Time resting spent in this place.
 E = Time spent auto-exploring this place.
 F = Levels seen in this place.
 G = Mean time per level.
                   A        B        C        D        E       F      G
               +--------+--------+--------+--------+--------+-----+--------+
         Total |  41041 |  37540 |   3501 |   4517 |  23087 |  36 | 1140.0 |
       Dungeon |  18663 |  16629 |   2034 |   1617 |  11313 |  15 | 1244.2 |
          Lair |   7078 |   6467 |    611 |    576 |   4292 |   5 | 1415.6 |
         Swamp |   3583 |   3314 |    269 |    710 |   1679 |   4 |  895.8 |
     Snake Pit |   5307 |   5042 |    265 |    781 |   2867 |   4 | 1326.8 |
  Orcish Mines |   2126 |   1825 |    301 |    221 |    926 |   2 | 1063.0 |
   Elven Halls |   2376 |   2358 |     18 |    389 |   1093 |   3 |  792.0 |
        Bailey |    794 |    794 |      0 |    207 |    304 |   1 |  794.0 |
       Volcano |    416 |    416 |      0 |      0 |    229 |   1 |  416.0 |
      Gauntlet |    694 |    694 |      0 |     15 |    384 |   1 |  694.0 |
               +--------+--------+--------+--------+--------+-----+--------+

Top non-repeatable levels by time:
     D:4: 2131 daAuts
  Lair:1: 1935 daAuts
    D:12: 1847 daAuts
 Snake:4: 1742 daAuts
 Snake:1: 1709 daAuts
    D:13: 1557 daAuts
    D:10: 1550 daAuts
  Lair:5: 1521 daAuts
    D:14: 1500 daAuts
    D:11: 1440 daAuts
  Lair:3: 1432 daAuts
     D:6: 1314 daAuts
 Swamp:4: 1271 daAuts
 Snake:2: 1239 daAuts
     D:3: 1230 daAuts
